 Dungeon Crawl Stone Soup version 0.19-a0-1933-g052ff51 (webtiles) character file.

67 Kaname the Conjurer (level 4, 30/30 HPs)
             Began as a Demonspawn Wanderer on Oct 26, 2016.
             Got out of the dungeon alive.
             The game lasted 00:04:00 (1817 turns).

Kaname the Conjurer (Demonspawn Wanderer)           Turns: 1817, Time: 00:04:00

Health: 30/30      AC:  3    Str: 11    XL:     4   Next: 0%
Magic:  7/7        EV: 11    Int: 15    God:
Gold:   33         SH:  4    Dex: 13    Spells: 1 memorised, 6 levels left

rFire  . . .     SeeInvis .     e - +0 dagger
rCold  . . .     Gourm    .     d - +0 robe
rNeg   . . .     Faith    .     c - +0 buckler
rPois  .         Spirit   .     (no helmet)
rElec  .         Reflect  .     (no cloak)
rCorr  .         Harm     .     k - +0 pair of gloves
MR     .....                    (no boots)
Stlth  +.........               (no amulet)
                                (no ring)
                                i - ring of loudness (curse)

@: no status effects
A: spiny 2, sanguine armour 1
a: no special abilities


You escaped.
You were not hungry.

You visited 1 branch of the dungeon, and saw 2 of its levels.

You collected 33 gold pieces.

Inventory:

Hand Weapons
 e - a +0 dagger (weapon)
Armour
 c - a +0 buckler (worn)
 d - a +0 robe (worn)
 k - a +0 pair of gloves (worn)
Jewellery
 g - a cursed ring of teleportation {unknown}
 i - a cursed ring of loudness (left hand)
 j - an uncursed ring of stealth {unknown}
Scrolls
 l - a scroll of noise {unknown}
 m - a scroll of remove curse {unknown}
Potions
 h - a potion of curing {unknown}
Books
 a - a book of Flames

   Spells                             Type                      Level
   a - Flame Tongue                   Conjuration/Fire             1
   b - Throw Flame                    Conjuration/Fire             2
   c - Conjure Flame                  Conjuration/Fire             3
   d - Inner Flame                    Hexes/Fire                   3
   e - Sticky Flame                   Conjuration/Fire             4
   f - Fireball                       Conjuration/Fire             5
 b - the Incunabulum of the Birds

   Spells                             Type                      Level
   a - Shock                          Conjuration/Air              1
   b - Mephitic Cloud                 Conjuration/Poison/Air       3
Comestibles
 f - 2 bread rations
 n - 4 fruits


   Skills:
   Level 1.0 Polearms
 - Level 1.0 Dodging
 - Level 1.0 Stealth
 - Level 1.0 Shields
 - Level 2.0 Spellcasting
 + Level 3.4 Conjurations
   Level 1.0 Charms
 - Level 2.0 Fire Magic
   Level 1.0 Evocations


You had 6 spell levels left.
You knew the following spells:

 Your Spells              Type           Power        Failure   Level  Hunger
a - Flame Tongue          Conj/Fire      #....        12%         1    #......


Dungeon Overview and Level Annotations

Branches:
Dungeon (2/15)

Altars:


Innate Abilities, Weirdness & Mutations

You are mostly covered in sharp spines.
When seriously injured, your bleeding wounds create armour. (AC +0)


Message History

The bat misses you. The bat barely misses you.
The bat is struck by your spines.
You kill the bat!
A rat comes into view.
A rat is nearby!
A rat is nearby!
A rat is nearby!
The rat is struck by your spines.
You kill the rat!
You have reached level 4!
You feel clever.
Your demonic ancestry asserts itself...
You feel your blood ready itself to protect you.
There is an open door here.
There is a stone staircase leading up here.
You climb upwards.
There is a stone staircase leading down here.
You see here a club.
There is a staircase leading out of the dungeon here.
Are you sure you want to leave the Dungeon?
This will make you lose the game!
You have escaped!

#.#.#..........#.##.########
#.#.#.#........#.##.#
####.#.#.##########.##.#
#......#............##.#
##)#.#.#.#.........###.########
#.#.#.#...≈≈≈≈≈≈≈..##.##......
#.#.#.#..≈≈.....≈≈..#.##)#....
#.#.#...≈≈.......≈≈...##.#.#..
#......≈≈..8.@..♣.≈≈..##.#.#.#
###.#..≈..♣.....8..≈..##.#.#.#
########..≈...........≈..##.#.#.#
..........≈≈.........≈≈..##.#.#.#
....##.#...≈≈..8....≈≈...##.#.#.#
###.##.#>#..≈≈♣....≈≈....##.#.#.#
.........##..≈≈≈.≈≈≈...>.##.#.#.#
#...##...##.............###.#.#.#
#...##....#..........##.###.#.#.#


There were no monsters in sight!

Vanquished Creatures
  Ijyb (D:2)
  An ooze (D:2)
  2 dart slugs
  A giant cockroach (D:1)
  13 goblins
  4 hobgoblins
  4 kobolds
  2 bats
  A frilled lizard (D:1)
  3 rats
32 creatures vanquished.

Notes
Turn   | Place    | Note
-------+----------+-------------------------------------------
     0 | D:1      | Kaname the Demonspawn Wanderer began the quest for the Orb.
     0 | D:1      | Kaname set off with: a book of Flames, the Incunabulum of the Birds, a +0 buckler, a +0 robe, a +0 dagger, a bread ration
     0 | D:1      | Reached XP level 1. HP: 13/13 MP: 3/3
     0 | D:1      | Identified the Incunabulum of the Birds
     2 | D:1      | Learned a level 1 spell: Flame Tongue
   483 | D:1      | Reached skill level 1 in Conjurations
   483 | D:1      | Gained mutation: You are partially covered in sharp spines. [demonic ancestry]
   483 | D:1      | Reached XP level 2. HP: 19/19 MP: 3/5
  1226 | D:1      | Reached skill level 2 in Conjurations
  1380 | D:2      | Noticed Ijyb
  1386 | D:2      | Gained mutation: You are mostly covered in sharp spines. [demonic ancestry]
  1386 | D:2      | Reached XP level 3. HP: 18/24 MP: 6/6
  1406 | D:2      | Killed Ijyb
  1406 | D:2      | Reached skill level 3 in Conjurations
  1721 | D:2      | Gained mutation: When seriously injured, your bleeding wounds create armour. (AC +0) [demonic ancestry]
  1721 | D:2      | Reached XP level 4. HP: 30/30 MP: 7/7
  1817 | D:$      | Got out of the dungeon alive.

Vault maps used:
D:1:      moated_graveyard_arrival
D:2:      kennysheep_the_goblin_king, uniq_crazy_yiuf_cottage

Skill      XL: |  1  2  3 |
---------------+----------+-----
Fire Magic     | 2 |  2.0
Conjurations   | 1 2 3 |  3.4
Polearms       | |  1.0
Dodging        | |  1.0
Stealth        | |  1.0
Shields        | |  1.0
Spellcasting   | |  2.0
Charms         | |  1.0
Evocations     | |  1.0

Action                   |  1- 3 |  4- 6 || total
-------------------------+-------+-------++-------
Melee: Dagger            |    89 |       ||    89
 Cast: Flame Tongue      |    16 |       ||    16
  Eat: Chunk             |     3 |       ||     3
Armor: Robe              |     9 |       ||     9
Dodge: Dodged            |    49 |       ||    49
Block: Buckler           |    17 |       ||    17
